 Dungeon Crawl Stone Soup version 0.27-a0-1378-gdefffd1ff6 (webtiles) character file.

Game seed: 15023629086534922494

131997 demibob the Severer (level 16, -6/189 (198) HPs)
             Began as a Demonspawn Berserker on June 9, 2021.
             Was a High Priest of Trog.
             Mangled by a salamander (7 damage)
             ... on level 4 of the Snake Pit on June 29, 2021.
             The game lasted 01:16:20 (33039 turns).

demibob the Severer (Demonspawn Berserker)         Turns: 33039, Time: 01:16:20

HP:   -6/189 (198)  AC: 20    Str: 21    XL:     16   Next: 56%
MP:   0/17          EV: 13    Int:  5    God:    Trog [*****.]
Gold: 1267          SH:  5    Dex: 15    Spells: 15/15 levels left

rFire    + . .     SeeInvis +   a - +7 executioner's axe (flame)
rCold    + . .     Faith    .   (shield currently unavailable)
rNeg     + . .     Spirit   +   I - +5 ring mail of Laiwnococ {rPois rCorr Int-5}
rPois    +         Reflect  +   H - +2 hat
rElec    .         Harm     .   d - scarf {rC+ rF+}
rCorr    +         Rampage  .   L - +0 pair of gloves
Will     +++..                  M - +0 pair of boots
Stlth    ..........             T - amulet of reflection
HPRegen  1.41/turn              N - ring of positive energy
MPRegen  0.30/turn              v - ring of see invisible

@: berserking, lethally poisoned (-6 -> -6), weakened, strong-willed,
regenerating, lightly drained, very quick
A: antennae 1, spiny 3, magic shield, magic regeneration, sharp scales 2, high
mp 1, sense surroundings 1, wild magic 1, MP-powered wands
a: Renounce Religion, Berserk, Trog's Hand, Brothers in Arms


You were on level 4 of the Snake Pit.
You worshipped Trog.
Trog was extremely pleased with you.
You visited 4 branches of the dungeon, and saw 27 of its levels.

You collected 3114 gold pieces.
You spent 1847 gold pieces at shops.


Innate Abilities, Weirdness & Mutations

You have a pair of small antennae on your head.
You are completely covered in sharp spines.
When hurt, damage is shared between your health and your magic reserves.
You regenerate magic rapidly.
You are mostly covered in razor-sharp scales. (AC +2, Slay +2)
You have an increased reservoir of magic. (+10% MP)
You passively map a small area around you.
Your spells are a little harder to cast, but a little more powerful.
You expend magic power (3 MP) to strengthen your wands.


   Skills:
 + Level 13.7 Fighting
 + Level 18.7 Axes
 - Level 4.9 Throwing
 - Level 13.9 Armour
 + Level 5.8 Dodging
 - Level 7.5 Evocations


You had 15 spell levels left.
You didn't know any spells.
Your spell library was empty.

Inventory:

Hand Weapons
 a - a +7 executioner's axe of flaming (weapon)
 b - the +5 hand axe "Jusazapt" {flame, rElec rC+ SInv}
   (You bought it in a shop on level 10 of the Dungeon)

   It has been specially enchanted to burn those struck by it, causing extra
   injury to most foes and up to half again as much damage against particularly
   susceptible opponents.
   Big, fiery blades are also staple armaments of hydra-hunters.
   rC:        It protects you from cold.
   rElec:     It insulates you from electricity.
   SInv:      It lets you see invisible.
 Q - a +2 long sword of electrocution
Missiles
 f - 2 atropa-tipped darts
 i - 62 poisoned darts
 w - 8 curare-tipped darts (quivered) {=f}
 x - 6 boomerangs of dispersal {=f}
 A - 2 throwing nets {=f}
Armour
 d - a scarf of resistance (worn)
 H - a +2 hat (worn)
 I - the +5 ring mail of Laiwnococ (worn) {rPois rCorr Int-5}
   (You found it on level 5 of the Lair of Beasts)

   Int:       It affects your intelligence (-5).
   rPois:     It protects you from poison.
   rCorr:     It protects you from acid and corrosion.
 L - a +0 pair of gloves (worn)
 M - a +0 pair of boots (worn)
 O - +4 fire dragon scales
Jewellery
 v - a ring of see invisible (right hand)
 F - a ring of fire
 N - a ring of positive energy (left hand)
 R - a ring of resist corrosion
 T - an amulet of reflection (around neck)
Wands
 l - a wand of flame (52)
 r - a wand of acid (25)
 u - a wand of mindburst (52)
 z - a wand of iceblast (30)
 B - a wand of polymorph (16)
 E - a wand of digging (4)
 G - a wand of paralysis (7)
Scrolls
 g - 2 scrolls of enchant armour
 o - 12 scrolls of teleportation {@r4}
 s - 3 scrolls of fog
 y - 5 scrolls of magic mapping
 J - 9 scrolls of identify {@r1}
 K - a scroll of summoning
 S - 2 scrolls of blinking
Potions
 c - 3 potions of berserk rage {!q}
 e - 2 potions of heal wounds {@q2}
 h - a potion of resistance
 j - 4 potions of haste {@q3}
 k - 3 potions of curing {@q1}
 n - 8 potions of lignification
 p - 9 potions of might
 q - 2 potions of magic
 t - 4 potions of flight
 C - a potion of ambrosia
 D - 4 potions of mutation
 P - a potion of invisibility
Miscellaneous
 m - a phantom mirror

Dungeon Overview and Level Annotations

Branches:
Dungeon (15/15)            Temple (0/1) D:4            Lair (6/6) D:11
 Shoals (0/4) Lair:2        Snake (4/4) Lair:3        Slime (0/5) Lair:5
    Orc (2/2) D:12            Elf (0/3) Orc:2        Depths (0/5) D:15
 Vaults: D:13-14

Altars:
Ashenzari
Dithmenos
Elyvilon
Hepliaklqana
Kikubaaqudgha
Okawaru
Qazlal
Ru
Sif Muna
Wu Jian
Xom
Beogh
Jiyva

Shops:
D:1 (   D:2 :   D:4 [   D:10 (   Orc:2 *[!*

Portals:
Trove: D:12 (give 7 scrolls of fog)

Annotations:
D:4 1 runed translucent door, Crazy Yiuf
D:15 3 runed translucent doors, Tegh's ghost, adept FoFi
Lair:2 3 runed translucent doors, indyram44's ghost, journeyman GrFi
Lair:5 exclusion: oklob plant
Snake:1 2 transporters, Gygal Fez's ghost, adept MiFi
Snake:2 Roxanne

.,,***,,,,,,,,,,,,..#
,,,,,,,,,,,,,,,N....#
################....##
...............#.....##
...##'#####....'S.....#
..##......#....#......*
..#.......#...##NN..#**
..#.......#....#)N..#
..#......##....#@)..#
..#.......#....))...#
..#.......#....#!...#*
..+.......#....#.....#
,,#+#######....#.#...#
,,,,,,,,,......#.#...#*
********####'###......#
,,,,,,,,,,,..,,.......#
..,,,,,,,,...,,,..,,..#


You could see a salamander tyrant (strong), a salamander mystic, 2 salamanders
and a shock serpent.


Message History

Trog appreciates your killing of a magic user.
You slash the salamander! You slice the naga!! You burn the naga.
You kill the naga!
Trog accepts your kill.
You feel sick.
The salamander is struck by your spines.
The salamander hits you but does no damage.
The salamander hits you from afar with a +0 trident!
* * * LOW HITPOINT WARNING * * *
You are engulfed in flames.
You resist.
* * * LOW HITPOINT WARNING * * *
The salamander tyrant gazes fiercely through you!
You feel as though you will be weak longer.
Use which ability? (? or * to list)
You are too berserk!
You slash the salamander!
The salamander is heavily wounded.
You feel sick.
You barely miss the salamander.
The salamander is heavily wounded.
You feel sick.
The salamander is struck by your spines.
The salamander hits you with a +0 whip!
* * * LOW HITPOINT WARNING * * *
You are engulfed in flames.
You resist.
* * * LOW HITPOINT WARNING * * *
The salamander hits you from afar with a +0 trident!
* * * LOW HITPOINT WARNING * * *
You are engulfed in flames!
You resist.
You die...

Skill      XL: |  1  2  3  4  5  6  7  8  9 10 11 12 13 14 15 16 |
---------------+-------------------------------------------------+-----
Axes           | 3 4 6 7 9 10 11 13 14 15 17 18 | 18.7
Throwing       | 2 4 |  4.9
Armour         | 4 7 9 10 13 | 13.9
Evocations     | 7 |  7.5
Fighting       | 7 10 12 13 | 13.7
Dodging        | 3 5 |  5.8

Action                   |  1- 3 |  4- 6 |  7- 9 | 10-12 | 13-15 | 16-18 || total
-------------------------+-------+-------+-------+-------+-------+-------++-------
Melee: Hand axe          |   101 |    83 |    14 |   193 |    28 |     4 ||   423
       War axe           |       |       |   235 |   275 |       |       ||   510
       Executioner's axe |       |       |       |    31 |   763 |   192 ||   986
Throw: Dart              |       |       |       |    40 |    18 |       ||    58
Invok: Berserk           |     3 |     2 |    10 |    10 |     8 |     5 ||    38
       Trog's Hand       |       |       |     2 |     2 |     2 |     3 ||     9
       Brothers in Arms  |       |       |     2 |     1 |     8 |     3 ||    14
Evoke: Wand              |       |       |     3 |    11 |     9 |       ||    23
  Use: Scroll            |     4 |     4 |     7 |    14 |    13 |     2 ||    44
       Potion            |       |       |     1 |     2 |    11 |     4 ||    18
Armor: Animal skin       |    21 |    13 |       |       |       |       ||    34
       Ring mail         |       |     1 |    44 |       |    58 |    78 ||   181
       Plate armour      |       |       |    67 |   260 |    21 |       ||   348
       Fire dragon scale |       |       |       |       |   513 |       ||   513
Dodge: Dodged            |    59 |    41 |   108 |   141 |   443 |    95 ||   887
Block: Other             |       |       |       |       |    14 |    45 ||    59
       Reflection        |       |       |       |       |       |     5 ||     5

Levels and vault maps discovered:
D:1:      saegor_arrival_fortress, layout_basic, serial_shops, shop,
          minivault_4, minivault_11, minmay_vboxes
D:2:      layout_rooms, basic_altar, serial_glass, glass_columns_b,
          glass_columns_a, serial_shops, shop, minmay_tetromino_l2,
          uniq_jessica, uniq_natasha, uniq_sigmund
D:3:      minmay_chambers_of_threes, layout_loops_cross
D:4:      kennysheep_six_static_rooms, layout_rooms,
          kennysheep_okawaru_gauntlet, temple_doors_e, serial_shops, shop,
          minmay_stone_trees_small, uniq_crazy_yiuf_cottage
D:5:      layout_basic, kennysheep_mini, gammafunk_temple_overflow_claw,
          tgw_xom, grunt_qazlal_clouds, uniq_grinder
D:6:      layout_gridville, nicolae_overflow_crystal_walls
D:7:      layout_cave_pools, lemuel_round_altar, minmay_strange_pillars,
          kennysheep_potato, uniq_harold
D:8:      layout_rooms, serial_undead, serial_undead_d, serial_undead_c,
          serial_undead_a, serial_undead_f, st_stairs_1, uniq_pikel, uniq_maggie
D:9:      layout_cave_pods, minmay_splitting_lines
D:10:     layout_rooms, lemuel_tele_altar, serial_shops, shop,
          minmay_misc_feat_alley
D:11:     layout_basic, david_lair_shrubbed
D:12:     layout_roguey, david_orc_4, nicolae_trove_entry_isolated,
          nicolae_two_hexagons, nzn_wu_jian_contemplation
D:13:     layout_cave_pools
D:14:     layout_roguey, grunt_vaults_entry_fortified,
          nicolae_hepliaklqana_hazy_memory, cheibrodos_ashenzari_chains
D:15:     hangedman_depths_entry_civil_slaughter, layout_rooms,
          gammafunk_ghost_necromancy, grunt_dithmenos_smoke
Lair:1:   layout_small_grid
Lair:2:   layout_layer_cave, elwin_shoals_entry_rocks, gammafunk_ghost_split
Lair:3:   layout_cave_pods, guppyfry_snake_entry_garden,
          infiniplex_staircase_pool, serial_bayou_shore_a, uniq_rupert
Lair:4:   layout_small_grid, beast_lair_carwin_4, grunt_megastairs_3
Lair:5:   layout_roguey, slime_altar_1, lemuel_another_geyser,
          grunt_megastairs_2, minmay_lair_oklob_chamber, uniq_nessos
Lair:6:   hangedman_lair_caniforms_friends, layout_regular_city,
          hangedman_lair_tendril_chambers
Snake:1:  layout_basic, gammafunk_ghost_arena, serial_bayou_shore_b, uniq_agnes
Snake:2:  layout_basic, uniq_roxanne
Snake:3:  layout_chambers, drop_trap, lemuel_fruit_tree, uniq_aizul
Snake:4:  minmay_snake_end_coiled, layout_cave_town
Orc:1:    layout_caves, basic_altar, library_closet, uniq_nergalle, uniq_snorg
Orc:2:    st_orc_rangers, layout_diamond_mine, uniq_jorgrun, uniq_sonja

Notes
Turn   | Place    | Note
-------+----------+-------------------------------------------
     0 | D:1      | demibob the Demonspawn Berserker began the quest for the
                  | Orb.
     0 | D:1      | Reached XP level 1. HP: 18/18 MP: 1/1
    17 | D:1      | Reached skill level 3 in Axes
   153 | D:1      | Gained mutation: You have a pair of small antennae on your
                  | head. [demonic ancestry]
   153 | D:1      | Reached XP level 2. HP: 15/24 MP: 2/2
   424 | D:1      | Identified a scarf of resistance
   562 | D:1      | Found Errastic's Antique Weapon Shoppe.
   868 | D:1      | Reached XP level 3. HP: 12/29 MP: 3/3
  1529 | D:2      | Noticed Natasha
  1570 | D:2      | Killed Natasha
  1571 | D:2      | Reached skill level 4 in Axes
  1584 | D:2      | Found an ancient bone altar of Kikubaaqudgha.
  1585 | D:2      | Noticed Sigmund
  1758 | D:2      | Noticed Natasha
  1766 | D:2      | Killed Natasha
  1767 | D:2      | Gained mutation: You are partially covered in sharp spines.
                  | [demonic ancestry]
  1767 | D:2      | Reached XP level 4. HP: 30/35 MP: 4/4
  1767 | D:2      | Killed Sigmund
  1768 | D:2      | Reached skill level 6 in Axes
  1768 | D:2      | Gained mutation: You are partially covered in razor-sharp
                  | scales. (AC +1, Slay +1) [demonic ancestry]
  1768 | D:2      | Reached XP level 5. HP: 33/41 MP: 5/5
  1768 | D:2      | Reached ** piety under Trog
  1902 | D:2      | Noticed Natasha
  1912 | D:2      | Killed Natasha
  1913 | D:2      | Gained mutation: You regenerate magic rapidly. [demonic
                  | ancestry]
  1913 | D:2      | Reached XP level 6. HP: 43/47 MP: 6/6
  1952 | D:2      | Found Benaubr Nape's Book Emporium.
  2108 | D:2      | Noticed Jessica
  2124 | D:2      | Killed Jessica
  2982 | D:3      | Reached skill level 1 in Throwing
  3446 | D:4      | Reached skill level 2 in Throwing
  3449 | D:4      | Reached skill level 7 in Axes
  3449 | D:4      | Reached XP level 7. HP: 52/52 MP: 7/7
  3517 | D:3      | Reached *** piety under Trog
  3527 | D:4      | Found Teciddisch's Antique Armour Boutique.
  3570 | D:4      | Bought a runed hat for 126 gold pieces
  3621 | D:4      | Reached skill level 3 in Throwing
  3885 | D:4      | Found a staircase to the Ecumenical Temple.
  4007 | D:4      | You fall into a shaft and drop 1 floor!
  4007 | D:5      | Entered Level 5 of the Dungeon
  4103 | D:5      | Reached skill level 4 in Throwing
  4105 | D:5      | Reached **** piety under Trog
  4159 | D:5      | Reached XP level 8. HP: 50/58 MP: 8/8
  4243 | D:5      | Found an ornate altar of the Wu Jian Council.
  4243 | D:5      | Found an ancient bone altar of Kikubaaqudgha.
  4243 | D:5      | Found a sacrificial altar of Ru.
  4271 | D:5      | Found a stormy altar of Qazlal.
  4440 | D:4      | Found a runed translucent door.
  4441 | D:4      | Noticed Crazy Yiuf
  4526 | D:4      | Found an iron altar of Okawaru.
  4827 | D:5      | Noticed Grinder
  4837 | D:5      | Killed Grinder
  4838 | D:5      | Reached skill level 8 in Axes
  5030 | D:5      | Found a shimmering blue altar of Sif Muna.
  5056 | D:5      | Reached skill level 2 in Armour
  5295 | D:5      | Found a shimmering altar of Xom.
  5441 | D:6      | Reached skill level 3 in Armour
  6132 | D:6      | Reached skill level 9 in Axes
  6132 | D:6      | Reached skill level 4 in Armour
  6434 | D:6      | Found a shadowy altar of Dithmenos.
  6556 | D:6      | Gained mutation: You are mostly covered in sharp spines.
                  | [demonic ancestry]
  6556 | D:6      | Reached XP level 9. HP: 43/63 MP: 9/9
  7383 | D:7      | Reached skill level 5 in Armour
  7478 | D:7      | Noticed Harold
  7485 | D:7      | Killed Harold
  7486 | D:7      | Reached skill level 10 in Axes
  7486 | D:7      | Reached skill level 6 in Armour
  8106 | D:8      | Noticed Maggie
  8120 | D:8      | Killed Maggie
  8143 | D:8      | Noticed Pikel
  8155 | D:8      | Killed Pikel
  8156 | D:8      | Reached skill level 7 in Armour
  8156 | D:8      | Gained mutation: You are mostly covered in razor-sharp
                  | scales. (AC +2, Slay +2) [demonic ancestry]
  8156 | D:8      | Reached XP level 10. HP: 67/70 MP: 10/10
  8376 | D:8      | Noticed a two-headed ogre
  8387 | D:8      | Killed a two-headed ogre
  8388 | D:8      | Reached skill level 11 in Axes
  8752 | D:8      | Reached skill level 8 in Armour
  9938 | D:9      | Reached skill level 9 in Armour
 10240 | D:9      | Gained mutation: When hurt, damage is shared between your
                  | health and your magic reserves. [demonic ancestry]
 10240 | D:9      | Reached XP level 11. HP: 51/75 MP: 11/11
 10248 | D:9      | Reached skill level 1 in Evocations
 10560 | D:10     | Entered Level 10 of the Dungeon
 10563 | D:10     | Noticed a two-headed ogre
 10573 | D:10     | Killed a two-headed ogre
 10574 | D:10     | Reached skill level 12 in Axes
 10574 | D:10     | Reached skill level 2 in Evocations
 10814 | D:10     | Found a hazy altar of Hepliaklqana.
 10874 | D:10     | Found Lakeruc's Antique Weapon Shoppe.
 10940 | D:10     | Identified a +0 robe of resistance
 10960 | D:10     | Bought a twisted hand axe for 176 gold pieces
 10960 | D:10     | Identified the +5 hand axe "Jusazapt" {flame, rElec rC+
                  | SInv} (You bought it in a shop on level 10 of the Dungeon)
 11088 | D:10     | Reached skill level 3 in Evocations
 11404 | D:11     | Noticed a two-headed ogre
 11417 | D:11     | Killed a two-headed ogre
 11524 | D:11     | Noticed a two-headed ogre
 11533 | D:11     | Killed a two-headed ogre
 11534 | D:11     | Reached skill level 4 in Evocations
 11639 | D:11     | Found a staircase to the Lair.
 11671 | D:11     | Reached ***** piety under Trog
 11673 | D:11     | Reached skill level 5 in Evocations
 12363 | D:11     | Identified a potion of resistance
 12490 | Lair:1   | Entered Level 1 of the Lair of Beasts
 12527 | Lair:1   | Reached skill level 6 in Evocations
 12752 | Lair:1   | Reached skill level 13 in Axes
 12988 | Lair:1   | Reached skill level 7 in Evocations
 12995 | Lair:1   | Gained mutation: You are completely covered in sharp
                  | spines. [demonic ancestry]
 12995 | Lair:1   | Reached XP level 12. HP: 81/81 MP: 12/12
 13818 | Lair:2   | Found a staircase to the Shoals.
 14280 | Lair:2   | Reached skill level 4 in Fighting
 14339 | Lair:2   | Reached skill level 5 in Fighting
 14592 | Lair:2   | Found a runed translucent gate.
 14592 | Lair:2   | Found a runed translucent gate.
 14592 | Lair:2   | Found a runed translucent gate.
 14596 | Lair:2   | Noticed a death yak
 14596 | Lair:2   | Noticed indyram44's ghost (journeyman GrFi)
 15524 | Lair:3   | Noticed Rupert
 15530 | Lair:3   | Killed Rupert
 15531 | Lair:3   | Reached skill level 6 in Fighting
 15531 | Lair:3   | Reached skill level 14 in Axes
 16026 | Lair:3   | Found a staircase to the Snake Pit.
 16032 | Lair:3   | Reached skill level 7 in Fighting
 16946 | Lair:4   | Reached XP level 13. HP: 77/98 MP: 9/13
 17105 | Lair:4   | Reached skill level 8 in Fighting
 18473 | Lair:5   | Found a viscous altar of Jiyva.
 18474 | Lair:5   | Found a staircase to the Slime Pits.
 18564 | Lair:5   | Reached skill level 15 in Axes
 18666 | Lair:5   | Identified the +5 ring mail of Laiwnococ {rPois rCorr
                  | Int-5}
 18683 | Lair:5   | Reached skill level 9 in Fighting
 18861 | Lair:5   | Noticed Nessos
 18868 | Lair:5   | Killed Nessos
 19366 | Lair:6   | Entered Level 6 of the Lair of Beasts
 19539 | Lair:6   | Reached skill level 10 in Fighting
 20028 | Lair:6   | Reached XP level 14. HP: 111/111 MP: 14/14
 20081 | Lair:6   | Reached skill level 11 in Fighting
 20096 | Lair:6   | Reached skill level 16 in Axes
 20442 | Lair:6   | Reached ****** piety under Trog
 20541 | Lair:6   | Reached skill level 12 in Fighting
 20543 | Lair:6   | Received a gift from Trog
 20709 | Lair:6   | Identified the +3 robe of the Hunter {Harm rPois Int+2}
 21281 | D:12     | Found an ornate altar of the Wu Jian Council.
 21460 | D:12     | Found a staircase to the Orcish Mines.
 21905 | D:12     | Found a portal to a secret trove of treasure.
 22253 | D:2      | Bought a manual of Armour for 1545 gold pieces
 22483 | Orc:1    | Entered Level 1 of the Orcish Mines
 22502 | Orc:1    | Noticed Nergalle
 22515 | Orc:1    | Killed Nergalle
 22582 | Orc:1    | Noticed Snorg
 22592 | Orc:1    | Killed Snorg
 23075 | Orc:2    | Entered Level 2 of the Orcish Mines
 23092 | Orc:2    | Noticed Jorgrun
 23100 | Orc:2    | Killed Jorgrun
 23103 | Orc:2    | Reached skill level 10 in Armour
 23211 | Orc:2    | Reached skill level 17 in Axes
 23516 | Orc:2    | Found a staircase to the Elven Halls.
 23591 | Orc:2    | Received a gift from Trog
 23605 | Orc:2    | Noticed Sonja
 23676 | Orc:2    | Killed Sonja
 23780 | Orc:2    | Reached XP level 15. HP: 122/122 MP: 15/15
 23820 | Orc:2    | Found Mekum's Armour Shoppe.
 23820 | Orc:2    | Found Xopad's Distillery.
 23823 | Orc:2    | Found Evvey's Assorted Antiques.
 23825 | Orc:2    | Found Irghivoo's General Store.
 24518 | D:13     | Reached skill level 11 in Armour
 24757 | D:13     | You fall into a shaft and drop 1 floor!
 24765 | D:14     | Found a broken altar of Ashenzari.
 24792 | D:13     | You fall into a shaft and drop 1 floor!
 24813 | D:14     | Found a hazy altar of Hepliaklqana.
 25444 | D:15     | Entered Level 15 of the Dungeon
 25537 | D:15     | Reached skill level 12 in Armour
 25872 | D:15     | Found a runed translucent gate.
 25872 | D:15     | Found a runed translucent gate.
 25873 | D:15     | Found a runed translucent gate.
 25882 | D:15     | Noticed Tegh's ghost (adept FoFi)
 25939 | D:15     | Received a gift from Trog
 25939 | D:15     | Identified the +1 robe of Hawoh {Regen+ Str+5}
 25949 | D:15     | Reached skill level 13 in Armour
 26090 | D:15     | Found a staircase to the Depths.
 26225 | D:15     | Found a shadowy altar of Dithmenos.
 26597 | Snake:1  | Entered Level 1 of the Snake Pit
 26631 | Snake:1  | Noticed Gygal Fez's ghost (adept MiFi)
 26766 | Snake:1  | Reached skill level 18 in Axes
 27079 | Snake:1  | Found a transporter.
 27118 | Snake:1  | Noticed Agnes
 27129 | Snake:1  | Killed Agnes
 27178 | Snake:1  | Found a transporter.
 27194 | Snake:1  | Reached skill level 2 in Dodging
 27402 | Snake:2  | Noticed a nagaraja
 27489 | Snake:2  | Noticed Roxanne
 27674 | Snake:2  | Reached skill level 3 in Dodging
 27680 | Snake:2  | Reached XP level 16. HP: 103/129 MP: 2/16
 28239 | Snake:2  | Identified a +2 robe of the Archmagi
 28245 | Snake:2  | Reached skill level 13 in Fighting
 28426 | Snake:2  | HP: 12/130 [salamander/+0 trident (7)]
 28434 | Snake:2  | Reached skill level 4 in Dodging
 30199 | Snake:3  | Noticed Aizul
 30220 | Snake:3  | Killed Aizul
 31029 | Snake:3  | Reached skill level 5 in Dodging
 31667 | Snake:3  | Gained mutation: You passively map a small area around you.
                  | [potion of mutation]
 31668 | Snake:3  | Gained mutation: Your spells are a little harder to cast,
                  | but a little more powerful. [potion of mutation]
 31668 | Snake:3  | Gained mutation: You expend magic power (3 MP) to
                  | strengthen your wands. [potion of mutation]
 31668 | Snake:3  | Gained mutation: You have an increased reservoir of magic.
                  | (+10% MP) [potion of mutation]
 31693 | Snake:4  | Entered Level 4 of the Snake Pit
 31939 | Snake:3  | Upgraded the game from 0.27-a0-1245-g940ed4fa31 to
                  | 0.27-a0-1273-gec92ba881d
 32967 | Snake:3  | Upgraded the game from 0.27-a0-1273-gec92ba881d to
                  | 0.27-a0-1378-gdefffd1ff6
 33039 | Snake:4  | HP: 13/189 [salamander (7)]
 33039 | Snake:4  | HP: 1/189 [salamander (7)]
 33039 | Snake:4  | Mangled by a salamander

Vanquished Creatures
  Jorgrun (Orc:2)
  Agnes (Snake:1)
  A nagaraja (Snake:2)
  Aizul (Snake:3)
  Snorg (Orc:1)
  An ettin (D:15)
  6 boulder beetles
  9 naga warriors
  2 centaur warriors
  A catoblepas (D:15)
  5 hydras
  7 anacondas
  6 two-headed ogres
  4 death yaks (Lair:5)
  6 naga sharpshooters
  A shock serpent (Snake:3)
  2 tengu warriors (D:12)
  Nergalle (Orc:1)
  Sonja (Orc:2)
  2 skeletal warriors (D:15)
  3 salamander mystics
  Pikel (D:8)
  A lindwurm (Lair:3)
  4 naga ritualists
  4 orc knights
  6 mana vipers
  A necromancer (D:15)
  4 deep elf pyromancers
  A deep elf zephyrmancer (D:15)
  4 cyclopes
  4 orc sorcerers
  7 ugly things (D:15)
  4 manticores
  2 wolf spiders (Lair:6)
  8 salamanders
  24 black mambas
  4 guardian serpents
  7 naga magi
  An elephant (Lair:4)
  2 gargoyles
  18 cane toads
  3 rime drakes
  8 komodo dragons
  A kobold demonologist (D:12)
  4 trolls
  10 polar bears
  A raiju (Lair:6)
  Grinder (D:5)
  A hornet (Lair:6)
  16 slime creatures
  16 blink frogs
  6 dream sheep (Lair:4)
  Sigmund (D:2)
  2 redbacks (Lair:6)
  A shadow (D:10)
  14 wyverns
  2 wraiths
  53 yaks
  2 basilisks
  9 vampire mosquitoes
  A steam dragon (D:9)
  3 acid dragons
  7 wargs
  34 nagas
  28 water moccasins
  14 hell hounds (Lair:6)
  15 black bears
  32 orc warriors
  A sky beast (D:7)
  A necrophage (D:8)
  4 ogres
  22 wolves
  A lemure (D:8)
  17 centaurs
  3 phantoms
  A kobold brigand (D:10)
  9 bullfrogs
  3 scorpions
  A water moccasin skeleton (D:6)
  18 wights
  An electric eel (Lair:3)
  6 howler monkeys
  2 bullfrog zombies
  3 centaur zombies
  A jelly (D:4)
  8 orc priests
  3 hounds
  A centaur skeleton (D:7)
  Jessica (D:2)
  A gnoll shaman (D:5)
  2 iguanas (D:4)
  Natasha (thrice) (D:2)
  20 orc wizards
  7 hell rats (Lair:6)
  A killer bee zombie (D:8)
  A mummy (D:8)
  A howler monkey zombie (D:5)
  13 gnolls
  A howler monkey skeleton (D:4)
  6 adders
  An ufetubus (D:5)
  2 adder zombies
  2 adder skeletons (D:4)
  3 worms
  5 dart slugs
  63 orcs
  6 ball pythons
  8 endoplasms
  6 giant cockroaches
  9 goblins
  11 hobgoblins
  13 jackals
  4 bats
  A frilled lizard (D:1)
  10 kobolds
  A quokka zombie (D:1)
  10 rats
772 creatures vanquished.

Vanquished Creatures (collateral kills)
  Rupert (Lair:3)
  Nessos (Lair:5)
  Harold (D:7)
  A tengu warrior (D:15)
  A naga sharpshooter (Snake:4)
  2 skeletal warriors (D:15)
  A necromancer (D:15)
  3 naga magi
  Maggie (D:8)
  A hornet (Lair:6)
  A wyvern (Lair:6)
  A warg (Orc:2)
  3 nagas
  4 water moccasins
  A black bear (Lair:3)
  2 orc warriors (Orc:2)
  A necrophage (D:8)
  A lemure (D:8)
  A wight (D:8)
28 creatures vanquished.

Vanquished Creatures (others)
  37 fungi
  103 plants
140 creatures vanquished.

Grand Total: 940 creatures vanquished

Table legend: (Time is in decaauts)
 A = Elapsed time spent in this place.
 B = Non-inter-level travel time spent in this place.
 C = Inter-level travel time spent in this place.
 D = Time resting spent in this place.
 E = Time spent auto-exploring this place.
 F = Levels seen in this place.
 G = Mean time per level.
                   A        B        C        D        E       F      G
               +--------+--------+--------+--------+--------+-----+--------+
         Total |  33493 |  31640 |   1853 |   7326 |  19547 |  27 | 1240.5 |
       Dungeon |  16114 |  14899 |   1215 |   2800 |   9975 |  15 | 1074.3 |
          Lair |   8966 |   8581 |    385 |   1366 |   5915 |   6 | 1494.3 |
     Snake Pit |   6551 |   6350 |    201 |   2970 |   2522 |   4 | 1637.8 |
  Orcish Mines |   1862 |   1812 |     50 |    189 |   1134 |   2 |  931.0 |
               +--------+--------+--------+--------+--------+-----+--------+

Top non-repeatable levels by time:
 Snake:2: 2598 daAuts
 Snake:3: 2469 daAuts
  Lair:2: 1918 daAuts
  Lair:6: 1808 daAuts
     D:1: 1728 daAuts
  Lair:4: 1537 daAuts
  Lair:3: 1524 daAuts
     D:8: 1518 daAuts
     D:6: 1376 daAuts
     D:5: 1278 daAuts
     D:7: 1216 daAuts
    D:11: 1204 daAuts
   Orc:2: 1191 daAuts
  Lair:1: 1175 daAuts
     D:9: 1041 daAuts

Table legend:
 A = Non-vault XP
 B = Vault XP
 C = Vault XP percentage of total XP
 D = Non-vault monster count
 E = Vault monster count
 F = Vault count percentage of total count
                 A         B        C        D         E       F
            +---------+---------+-------+---------+---------+-------
      Total |  136992 |   51576 |  27.4 |     566 |     232 |  29.1
            +---------+---------+-------+---------+---------+-------
        D:1 |      27 |      18 |  40.0 |      19 |       9 |  32.1
        D:2 |     108 |     299 |  73.5 |      11 |       3 |  21.4
        D:3 |      96 |     173 |  64.3 |      21 |      12 |  36.4
        D:4 |     496 |     115 |  18.8 |      30 |       8 |  21.1
        D:5 |     507 |     359 |  41.5 |      15 |       6 |  28.6
        D:6 |     694 |       0 |   0.0 |      13 |       0 |   0.0
        D:7 |    1284 |     735 |  36.4 |      21 |       2 |   8.7
        D:8 |    2665 |    2132 |  44.4 |      21 |      15 |  41.7
        D:9 |    1528 |       0 |   0.0 |       8 |       0 |   0.0
       D:10 |    1946 |       0 |   0.0 |      19 |       0 |   0.0
       D:11 |    4222 |     372 |   8.1 |      14 |       1 |   6.7
       D:12 |    8170 |     628 |   7.1 |      21 |      15 |  41.7
       D:13 |    3327 |       0 |   0.0 |       6 |       0 |   0.0
       D:14 |    8100 |       3 |   0.0 |      17 |       1 |   5.6
       D:15 |   12629 |    3883 |  23.5 |      29 |       6 |  17.1
     Lair:1 |    5858 |       0 |   0.0 |      28 |       0 |   0.0
     Lair:2 |    5641 |       0 |   0.0 |      28 |       0 |   0.0
     Lair:3 |    4415 |    1697 |  27.8 |      22 |       2 |   8.3
     Lair:4 |    6435 |    2436 |  27.5 |      21 |       6 |  22.2
     Lair:5 |    4804 |    1326 |  21.6 |       9 |       2 |  18.2
     Lair:6 |    9634 |   20849 |  68.4 |      36 |      96 |  72.7
    Snake:1 |   14974 |    2034 |  12.0 |      35 |       1 |   2.8
    Snake:2 |   21168 |       0 |   0.0 |      40 |       0 |   0.0
    Snake:3 |    8148 |    1610 |  16.5 |      15 |       1 |   6.2
    Snake:4 |    5572 |    3845 |  40.8 |      13 |       7 |  35.0
      Orc:1 |    1920 |    1956 |  50.5 |      16 |       2 |  11.1
      Orc:2 |    2624 |    7106 |  73.0 |      38 |      37 |  49.3
            +---------+---------+-------+---------+---------+-------
